 Dungeon Crawl Stone Soup version 0.31-a0-981-geadf994542 (webtiles) character file.

Game seed: 3137117064843995783

1427 ytrimaz the Covert (level 8, 0/48 HPs)
             Began as an Octopode Shapeshifter on Nov 1, 2023.
             Was an Initiate of Ashenzari.
             Slain by a gnoll
             ... wielding a +0 whip
             ... led by a gnoll sergeant
              (9 damage)
             ... on level 6 of the Dungeon.
             The game lasted 00:05:03 (5191 turns).

ytrimaz the Covert (Octopode Shapeshifter)          Turns: 5191, Time: 00:05:03

Health: 0/48       AC:  1    Str: 13    XL:     8   Next: 72%
Magic:  17/17      EV: 13    Int: 13    God:    Ashenzari [......]
Gold:   328        SH:  5    Dex: 13    Spells: 7/7 levels left

rFire   + . .        m - +4 dagger
rCold   . . .        (no shield)
rNeg    . . .        (helmet currently unavailable)
rPois   .            f - amulet of reflection
rElec   .            e - ring of magical power
rCorr   .            t - ring of protection from fire
SInv    .            (no ring)
Will    .....        (no ring)
Stlth   +++++        (no ring)
HPRegen 0.28/turn    (no ring)
MPRegen 0.15/turn    (no ring)
                     (no ring)

%: reflection
@: beast-form
A: beast (slay +3), almost no armour, amphibious, 8 rings, camouflage 1,
gelatinous body 1, (nimble swimmer 1), tentacles
a: Begin Untransformation, Renounce Religion


You were on level 6 of the Dungeon.
You worshipped Ashenzari.
Ashenzari was noncommittal.
You were a hulking beast.
You visited 2 branches of the dungeon, and saw 7 of its levels.

You collected 328 gold pieces.


Innate Abilities, Weirdness & Mutations

You are a hulking beast.
Your limbs bulge with bestial killing power. (Slay +3)
You cannot wear most types of armour.
You are amphibious.
You can wear up to eight rings at the same time.
Your skin changes colour to match your surroundings (Stealth+).
Your rubbery body absorbs attacks. (AC +1, EV +1)
((You are camouflaged when in or above water. (Stealth+)))
You have tentacles for arms and can constrict up to eight enemies at once.


   Skills:
 - Level 1.0 Fighting
 - Level 2.0 Dodging
 + Level 8.6 Stealth
 + Level 6.7 Unarmed Combat
 + Level 6.2 Shapeshifting


You had 7 spell levels left.
You didn't know any spells.
Your spell library contained the following spells:

 Spells                   Type           Power      Damage    Failure   Level
 Dazzling Flash           Conj/Hex       0%         N/A       67%         3
 Tukima's Dance           Hex            0%         N/A       67%         3
 Volatile Blastmotes      Fire/Tloc      0%         2d10      67%         3
 Passage of Golubria      Tloc           0%         N/A       97%         4
 Yara's Violent Unravell  Hex/Tmut       0%         3d3       100%        5
 Starburst                Conj/Fire      0%         6d3       100%        6
 Maxwell's Capacitive Co  Air            0%         ∞         100%        8

Inventory:

Hand Weapons
 m - a +4 dagger (weapon)
   (You took it off a kobold on level 2 of the Dungeon)
Missiles
 j - 4 throwing nets
Jewellery
 e - a ring of magical power (left tentacle)
   (You found it on level 1 of the Dungeon)
 f - an amulet of reflection (around mantle)
   (You found it on level 1 of the Dungeon)
 t - a ring of protection from fire (right tentacle)
   (You took it off a gnoll on level 4 of the Dungeon)
Talismans
 b - a beast talisman
 c - a flux talisman
 n - a serpent talisman
   (You found it on level 2 of the Dungeon)
Wands
 y - a wand of paralysis (5) (quivered)
   (You took it off Ijyb on level 5 of the Dungeon)
Scrolls
 a - 2 scrolls of noise {unknown}
 d - a scroll of immolation {unknown}
 g - 2 scrolls of teleportation {unknown}
 h - 2 scrolls of identify {unknown}
 i - a scroll of enchant weapon {unknown}
 k - 2 scrolls of enchant armour {unknown}
 l - 4 scrolls of fog {unknown}
 o - 3 scrolls of poison {unknown}
 v - 2 scrolls of silence {unknown}
 x - a scroll of blinking {unknown}
 z - 3 scrolls of vulnerability {unknown}
Potions
 p - a potion of curing
 q - a potion of haste {unknown}
 r - a potion of berserk rage {unknown}
 s - a potion of mutation {unknown}
 u - 2 potions of degeneration {unknown}
 w - 2 potions of heal wounds {unknown}
 A - 2 potions of might {unknown}

Dungeon Overview and Level Annotations

Branches:
Dungeon (6/15) Zot: 26423  Temple (1/1) D:5 Zot: 5987

Altars:
Ashenzari
Cheibriados
Dithmenos
Elyvilon
Fedhas
Gozag
Hepliaklqana
Kikubaaqudgha
Makhleb
Nemelex Xobeh
Okawaru
Qazlal
Ru
Sif Muna
Trog
Uskayaw
Vehumet
Wu Jian
Xom
Yredelemnul
Zin
The Shining One

Shops:
D:3 [ D:4

[ ..#.........#...##.#
.........##........#
....<....#........##
..#......#........#
##.....+.<......#
#######........#
.§§§§######..## #.≈~§§§###
#.###.# #§~~§§§§.#
##h..#.##
#~~~~~§..####gg.....##
#§~~~~.....g.....#...##
##................#+#..###
#..#.$......g.............
.........))...#...........
..........?...........>...
..........................
...............#...######


You could see 4 gnolls.


Message History

No target in view!
You now have 328 gold pieces (gained 16).
A bullfrog zombie comes into view.
A bullfrog zombie is nearby! 😎 HP[+5]
Your hp is fully restored (48).
A bullfrog zombie is nearby!
A bullfrog zombie is nearby!
You hit the bullfrog zombie but do no damage.
You grab the bullfrog zombie. You constrict the bullfrog zombie.
The bullfrog zombie closely misses you.
You release your grip on the bullfrog zombie.
The bullfrog zombie hits you. You block the bullfrog zombie's attack.
You see here a scroll labelled KOUHEW SARIPHE. 😕 HP[-1]
You take 1 damage, and now have 47/48 hp.
You barely miss the bullfrog zombie. You grab the bullfrog zombie.
You squeeze the bullfrog zombie! You constrict the bullfrog zombie.
The bullfrog zombie hits you. 😕 HP[-6]
You take 6 damage, and now have 41/48 hp.
You puncture the bullfrog zombie! You constrict the bullfrog zombie.
The bullfrog zombie completely misses you.
You puncture the bullfrog zombie!
You destroy the bullfrog zombie! 😕 HP[+1] Unknown command.
No target in view!
A gnoll sergeant is nearby!
A gnoll sergeant is nearby! 😕 HP[+5]
You regained 5 hp, and now have 47/48 hp.
A gnoll sergeant is nearby!
Unknown command. 😎 HP[+1]
Your hp is fully restored (48).
A gnoll comes into view. It is wielding a +0 club.
The gnoll shouts!
You hear a shout!
The gnoll shouts!
A gnoll comes into view. It is wielding a +0 whip.
Unknown command.
The gnoll sergeant shouts!
You see here a scroll labelled KOUHEW SARIPHE.
Aiming: Paralyse
Press: ? - help, Q - select action, (/) - cycle Shift-Dir - straight line, f - gnoll sergeant
Aim: a gnoll sergeant, wielding a +0 spear and wearing a +0 scale mail (chance to affect: 49%)
The gnoll sergeant suddenly stops moving!
The gnoll shouts!
You hit the gnoll. You grab the gnoll. You constrict the gnoll.
The gnoll hits you with a +0 club.
The gnoll barely misses you. x2 😕 HP[-6]
You take 6 damage, and now have 42/48 hp.
You hit the gnoll. You tentacle-slap the gnoll.
You kill the gnoll!
The gnoll closely misses you.
The gnoll hits you from afar with a +0 spear. 😕 HP[-3]
You take 3 damage, and now have 39/48 hp.
Unknown command.
The gnoll hits you with a +0 whip! The gnoll hits you with a +0 flail!
* * * LOW HITPOINT WARNING * * *
The gnoll misses you.
Things that are here:
a +0 club; a gnoll corpse; 😨 HP[-15]
You take 15 damage, and now have 24/48 hp.
MASSIVE DAMAGE!! (PAUSE)
The helpless gnoll sergeant fails to defend itself.
You impale the gnoll sergeant!!
You kill the gnoll sergeant!
The gnoll barely misses you. The gnoll closely misses you. x2
You barely miss the gnoll. You grab the gnoll.
You constrict the gnoll, but do no damage.
The gnoll closely misses you. The gnoll hits you with a +0 flail!
* * * LOW HITPOINT WARNING * * *
The gnoll misses you. 😨 HP[-10]
You take 10 damage, and now have 14/48 hp.
MASSIVE DAMAGE!! (PAUSE) Unknown command.
Okay, then.
You feel better.
You constrict the gnoll. The gnoll misses you. You block the gnoll's attack.
The gnoll barely misses you. The gnoll misses you. 😨 HP[+9]
You regained 9 hp, and now have 23/48 hp.
You release your grip on the gnoll.
The gnoll attacks as it pursues you! The gnoll hits you with a +0 whip.
* * * LOW HITPOINT WARNING * * *
The gnoll attacks as it pursues you! The gnoll hits you with a +0 club.
* * * LOW HITPOINT WARNING * * *
You block the gnoll's attack. 😨 HP[-7]
You take 7 damage, and now have 16/48 hp.
The gnoll attacks as it pursues you! The gnoll completely misses you.
The gnoll attacks as it pursues you! The gnoll hits you with a +0 whip!
* * * LOW HITPOINT WARNING * * *
😱 HP[-7]
You take 7 damage, and now have 9/48 hp.
The gnoll attacks as it pursues you! The gnoll closely misses you.
The gnoll attacks as it pursues you! The gnoll hits you with a +0 whip!
You die...

Skill      XL: |  1  2  3  4  5  6  7  8 |
---------------+-------------------------+-----
Stealth        | 1 2 3 4 5 7 8 |  8.6
Unarmed Combat | 4 5 6 |  6.7
Shapeshifting  | 4 5 6 |  6.2
Fighting       | |  1.0
Dodging        | |  2.0

Action                     |  1- 3 |  4- 6 |  7- 9 || total
---------------------------+-------+-------+-------++-------
  Melee: Unarmed           |    83 |     6 |       ||    89
         Constrict         |    20 |    34 |    16 ||    70
         Tentacles         |    12 |    25 |    17 ||    54
         Punch             |     2 |     6 |     3 ||    11
         Dagger            |       |   159 |    62 ||   221
  Evoke: Wand              |       |       |     1 ||     1
    Use: Potion            |       |     3 |     1 ||     4
         Scroll            |       |     1 |       ||     1
   Stab: Sleeping          |    10 |    18 |     7 ||    35
         Paralysed         |       |       |     1 ||     1
 Armour: Skin              |    30 |    84 |    33 ||   147
  Dodge: Dodged            |    36 |    52 |    45 ||   133
  Block: Other             |    12 |    33 |    12 ||    57
         Reflection        |     1 |     2 |       ||     3

Levels and vault maps discovered:
D:1:      dpeg_arrival_three_same_balls, layout_loops_ring
D:2:      layout_basic, st_stairs_3, minmay_misc_feat_room, minmay_circle_x,
          uniq_robin, uniq_jessica
D:3:      layout_loops_ring, mainiacjoe_overflow_tiny_flanked, serial_shops,
          shop
D:4:      layout_loops_ring, serial_shops, kennysheep_mini
D:5:      layout_loops_ring, mainiacjoe_overflow_catwalk_spiral,
          temple_doors_cd, uniq_ijyb
D:6:      layout_basic, serial_undead, serial_undead_f, serial_undead_b,
          serial_undead_b, serial_undead_d, serial_undead_c, serial_undead_c,
          serial_undead_d, uniq_duvessa, uniq_jeremiah, uniq_edmund
Temple:   nicolae_temple_bog_church

Notes
Turn   | Place    | Note
-------+----------+-------------------------------------------
     0 | D:1      | ytrimaz the Octopode Shapeshifter began the quest for the
                  | Orb.
     0 | D:1      | Reached XP level 1. HP: 13/13 MP: 1/1
     0 | D:1      | magus.rc [v1.9.6]
   102 | D:1      | Reached skill level 1 in Stealth
   126 | D:1      | Reached XP level 2. HP: 13/18 MP: 2/2
   437 | D:1      | Reached skill level 2 in Stealth
   445 | D:1      | Reached XP level 3. HP: 15/23 MP: 3/3
   515 | D:1      | HP: 4/23 [gnoll/+0 club (3)]
  1222 | D:2      | Reached XP level 4. HP: 23/28 MP: 4/4
  1285 | D:2      | Reached skill level 3 in Stealth
  1418 | D:2      | Noticed Robin
  1450 | D:2      | Killed Robin
  1678 | D:2      | You add the spells Tukima's Dance, Passage of Golubria and
                  | Yara's Violent Unravelling to your library.
  1872 | D:2      | Noticed Jessica
  1876 | D:2      | Killed Jessica
  1877 | D:2      | Reached skill level 4 in Unarmed Combat
  1877 | D:2      | Reached XP level 5. HP: 33/33 MP: 5/5
  2085 | D:3      | Found Angoboh's Antique Armour Shop.
  2093 | D:3      | Reached skill level 4 in Stealth
  2100 | D:3      | Reached skill level 4 in Shapeshifting
  2395 | D:3      | Found a shadowy altar of Dithmenos.
  2929 | D:4      | Reached XP level 6. HP: 33/38 MP: 6/6
  3072 | D:4      | Reached skill level 5 in Stealth
  3167 | D:4      | HP: 2/38 [gnoll/+0 spear (9)]
  3448 | D:4      | Found Evay's Antique Armour Shop.
  3693 | D:5      | Entered Level 5 of the Dungeon
  3716 | D:5      | Reached skill level 5 in Unarmed Combat
  3716 | D:5      | Reached XP level 7. HP: 30/43 MP: 7/7
  3827 | D:5      | Found a glowing silver altar of Zin.
  3830 | D:5      | Found a basalt altar of Yredelemnul.
  3892 | D:5      | Noticed Ijyb
  3896 | D:5      | Killed Ijyb
  3897 | D:5      | Reached skill level 6 in Stealth
  3969 | D:5      | Reached skill level 5 in Shapeshifting
  4286 | D:5      | Reached skill level 7 in Stealth
  4293 | D:5      | You pick up a book of Spectacle and begin reading...
  4293 | D:5      | You add the spells Volatile Blastmotes, Dazzling Flash,
                  | Starburst and Maxwell's Capacitive Coupling to your
                  | library.
  4322 | D:5      | Found a staircase to the Ecumenical Temple.
  4537 | Temple   | Entered the Ecumenical Temple
  4543 | Temple   | Became a worshipper of Ashenzari the Shackled
  4621 | D:6      | Reached XP level 8. HP: 48/48 MP: 8/8
  4628 | D:6      | Reached skill level 6 in Unarmed Combat
  4852 | D:6      | Reached skill level 8 in Stealth
  4974 | D:6      | HP: 8/48 [ice beast (10)]
  4976 | D:6      | Reached skill level 6 in Shapeshifting
  5189 | D:6      | HP: 9/48 [gnoll/+0 whip[a gnoll sergeant] (8)]
  5191 | D:6      | Slain by a gnoll

Vanquished Creatures
  2 water moccasins (D:5)
  2 ice beasts (D:6)
  A hornet zombie (D:6)
  A phantom (D:4)
  A gnoll sergeant (D:6)
  2 scorpions
  2 howler monkeys
  A centaur zombie (D:6)
  2 bullfrog zombies (D:6)
  A hound (D:6)
  2 jellies
  An iguana (D:6)
  Jessica (D:2)
  An orc wizard (D:3)
  Ijyb (D:5)
  A sleepcap (D:5)
  A howler monkey zombie (D:6)
  Robin (D:2)
  9 gnolls
  A howler monkey skeleton (D:6)
  6 adders
  A dart slug (D:3)
  9 orcs
  14 ball pythons
  8 bats
  8 endoplasms
  2 giant cockroaches (D:1)
  16 goblins
  15 hobgoblins
  10 jackals
  10 kobolds
  5 quokkas
  4 frilled lizards
  3 rats
145 creatures vanquished.

Table legend:
 A = Non-vault XP
 B = Vault XP
 C = Vault XP percentage of total XP
 D = Non-vault monster count
 E = Vault monster count
 F = Vault count percentage of total count
                 A         B        C        D         E       F
            +---------+---------+-------+---------+---------+-------
      Total |    1627 |     412 |  20.2 |     116 |      29 |  20.0
            +---------+---------+-------+---------+---------+-------
        D:1 |      68 |       0 |   0.0 |      31 |       0 |   0.0
        D:2 |      41 |      87 |  68.0 |      19 |      22 |  53.7
        D:3 |     112 |       0 |   0.0 |      26 |       0 |   0.0
        D:4 |     306 |       0 |   0.0 |      23 |       0 |   0.0
        D:5 |     567 |      36 |   6.0 |       9 |       1 |  10.0
        D:6 |     533 |     289 |  35.2 |       8 |       6 |  42.9
            +---------+---------+-------+---------+---------+-------

Skill      XL: |  1  2  3  4  5  6  7  8 |
---------------+-------------------------+-----
Stealth        | 1 2 3 4 5 7 8 |  8.6
Unarmed Combat | 4 5 6 |  6.7
Shapeshifting  | 4 5 6 |  6.2
Fighting       | |  1.0
Dodging        | |  2.0

Action                     |  1- 3 |  4- 6 |  7- 9 || total
---------------------------+-------+-------+-------++-------
  Melee: Unarmed           |    83 |     6 |       ||    89
         Constrict         |    20 |    34 |    16 ||    70
         Tentacles         |    12 |    25 |    17 ||    54
         Punch             |     2 |     6 |     3 ||    11
         Dagger            |       |   159 |    62 ||   221
  Evoke: Wand              |       |       |     1 ||     1
    Use: Potion            |       |     3 |     1 ||     4
         Scroll            |       |     1 |       ||     1
   Stab: Sleeping          |    10 |    18 |     7 ||    35
         Paralysed         |       |       |     1 ||     1
 Armour: Skin              |    30 |    84 |    33 ||   147
  Dodge: Dodged            |    36 |    52 |    45 ||   133
  Block: Other             |    12 |    33 |    12 ||    57
         Reflection        |     1 |     2 |       ||     3

Illustrated notes

Table legend:
 A = Kills in this place as a percentage of kills in the entire game.
 B = Kills by you in this place as a percentage of kills by you in the entire game.
 C = Kills by friends in this place as a percentage of kills by friends in the entire game.
 D = Other kills in this place as a percentage of other kills in the entire game.
 E = Experience gained in this place as a percentage of experience gained in the entire game.
 F = Experience gained in this place divided by the number of levels of this place that you have seen.
                   A       B       C       D       E      F
               +-------+-------+-------+-------+-------+----------------------
         Total | 100.0 | 100.0 |   N/A |   N/A | 100.0 | 291.3
       Dungeon | 100.0 | 100.0 |   N/A |   N/A | 100.0 | 339.8
               +-------+-------+-------+-------+-------+----------------------

Table legend: (Time is in decaauts)
 A = Elapsed time spent in this place.
 B = Non-inter-level travel time spent in this place.
 C = Inter-level travel time spent in this place.
 D = Time resting spent in this place.
 E = Time spent auto-exploring this place.
 F = Levels seen in this place.
 G = Mean time per level.
                   A        B        C        D        E       F      G
               +--------+--------+--------+--------+--------+-----+--------+
         Total |   5183 |   4961 |    222 |      0 |   4081 |   7 |  740.4 |
       Dungeon |   5170 |   4958 |    212 |      0 |   4081 |   6 |  861.7 |
        Temple |     12 |      2 |     10 |      0 |      0 |   1 |   12.0 |
               +--------+--------+--------+--------+--------+-----+--------+

Top non-repeatable levels by time:
     D:2: 1036 daAuts
     D:5: 1031 daAuts
     D:1: 1014 daAuts
     D:4: 844 daAuts
     D:3: 788 daAuts
     D:6: 454 daAuts
  Temple: 12 daAuts
